 Dungeon Crawl Stone Soup version 0.31.0 (webtiles) character file.

Game seed: 16015356339509192517

260 James the Poker (level 6, -12/48 HPs)
             Began as a Formicid Cinder Acolyte on Jan 19, 2024.
             Was a High Priest of Ignis.
             Killed from afar by Ijyb (18 damage)
             ... with a bolt of acid
             ... on level 4 of the Dungeon.
             The game lasted 00:06:48 (3040 turns).

James the Poker (Formicid Cinder Acolyte)           Turns: 3040, Time: 00:06:48

Health: -12/48     AC:  5    Str: 21    XL:     6   Next: 41%
Magic:  7/7        EV:  8    Int: 13    God:    Ignis [*****.]
Gold:   210        SH:  0    Dex:  9    Spells: 7/7 levels left

rFire   + . .        u - +0 trident
rCold   . . .        (no shield)
rNeg    . . .        c - +0 chain mail
rPois   .            (helmet unavailable)
rElec   .            d - +0 cloak
rCorr   .            (no gloves)
SInv    +            (no boots)
Will    +....        (no amulet) Stlth
                     y - ring of willpower
HPRegen 0.28/turn    (no ring)
MPRegen 0.10/turn

%: no passive effects
@: corroded
A: permanent stasis, dig shafts and tunnels, antennae 3, four strong arms
a: Dig, Shaft Self, Renounce Religion, Fiery Armour, Foxfire Swarm, Rising Flame


You were on level 4 of the Dungeon.
You worshipped Ignis.
Ignis was extremely pleased with you.
You visited 1 branch of the dungeon, and saw 4 of its levels.

You collected 210 gold pieces.

Inventory:

Hand Weapons
 a - a -1 spear of flaming
 s - a +2 dagger of venom
   (You took it off Jessica on level 2 of the Dungeon)
 u - a +0 trident (weapon)
   (You took it off an orc on level 3 of the Dungeon)
Missiles
 h - 2 poisoned darts
 v - 7 boomerangs
Armour
 b - a +0 robe
 c - a +0 chain mail (worn)
   (You took it off a goblin on level 1 of the Dungeon)
 d - a +0 cloak (worn)
   (You found it on level 1 of the Dungeon)
 e - a +0 robe
   (You found it on level 1 of the Dungeon)
 m - a +0 leather armour
   (You found it on level 1 of the Dungeon)
 n - a +0 leather armour
   (You found it on level 2 of the Dungeon)
 o - a +0 leather armour
   (You found it on level 2 of the Dungeon)
 r - a +0 robe
   (You took it off Jessica on level 2 of the Dungeon)
 t - a +0 ring mail
   (You took it off an orc priest on level 2 of the Dungeon)
 w - a +0 ring mail
   (You found it on level 3 of the Dungeon)
 x - a +0 robe
   (You found it on level 3 of the Dungeon)
 D - a +0 ring mail
   (You took it off an orc on level 3 of the Dungeon)
 E - a +0 robe
   (You found it on level 3 of the Dungeon)
Jewellery
 y - a ring of willpower (left hand)
   (You found it on level 3 of the Dungeon)
Scrolls
 f - a scroll of identify {unknown}
 l - a scroll of teleportation {@r4}
 C - a scroll of amnesia
Potions
 g - a potion of curing {unknown}
 i - a potion of heal wounds {unknown}
 p - a potion of magic {unknown}
 q - a potion of mutation {unknown}
 z - a potion of brilliance {unknown}
 A - a potion of ambrosia {unknown}
 B - 2 potions of berserk rage {unknown}


   Skills:
 + Level 3.6 Fighting
 + Level 6.2 Polearms
 * Level 1.9 Armour
 - Level 1.1 Spellcasting
 - Level 3.0 Fire Magic


You had 7 spell levels left.
You didn't know any spells.
Your spell library contained the following spells:

 Spells                   Type           Power      Damage    Failure   Level
 Scorch                   Fire           16%        2d5       67%         2


Dungeon Overview and Level Annotations

Branches:
Dungeon (4/15)
 Temple: D:4-7

Altars:
Cheibriados
Dithmenos

Shops:
D:1 =

Annotations:
D:3 2 transporters, bimbombam's ghost, weakling OpSh
D:4 Ijyb


Innate Abilities, Weirdness & Mutations

You cannot be hasted, slowed, berserked, paralysed or teleported.
You can dig through walls and to a lower floor.
You have a pair of large antennae on your head. (SInv)
Your four strong arms can wield two-handed weapons with a shield.


Message History

Ijyb burns your giant cockroach.
Your giant cockroach dies!
Your giant cockroach's corpse dissolves into shadows!
Ijyb zaps a wand.
The bolt of acid misses you. What are your orders? t - Shout!
Orders for allies: a - Attack new target. r - Retreat! s - Stop attacking. g - Guard the area. f - Follow me.
Anything else - Cancel.
Gang up on whom?
Press: ? - help, Dir - move target, f - Ijyb
Aim: Ijyb, wielding a +2 dagger of flaming, wearing a +0 scale mail and carrying a wand of acid (ally target) Attack!
Ijyb zaps a wand.
The bolt of acid hits your orc!! The acid corrodes your orc!
Your orc dies!
Your orc's corpse dissolves into shadows!
The bolt of acid hits you.
Your kobold throws a stone.
The stone hits Ijyb but does no damage.
You hear the slow hiss of an avalanche of sand nearby.
Your kobold barely misses Ijyb.
Your kobold throws a stone.
The stone hits Ijyb but does no damage.
You reach to attack!
You barely miss Ijyb.
Your kobold's inner flame fades away.
Ijyb zaps a wand.
The bolt of acid hits you!
Your kobold throws a stone.
The stone misses Ijyb.
You reach to attack!
You hit Ijyb but do no damage. You completely miss Ijyb.
Ijyb screams, "Get away!"
Ijyb zaps a wand.
The bolt of acid hits you.
You closely miss Ijyb.
Your kobold closely misses Ijyb.
Ijyb hits you with a +2 dagger of flaming.
You hit Ijyb.
Your kobold barely misses Ijyb.
Ijyb hits you but does no damage.
You barely miss Ijyb. Your kobold hits Ijyb with a +3 dagger.
Ijyb zaps a wand.
The bolt of acid hits you.
You barely miss Ijyb. Your kobold hits Ijyb with a +3 dagger.
Ijyb zaps a wand.
The bolt of acid hits you!!
* * * LOW HITPOINT WARNING * * *
The acid corrodes you!
Okay, then.
Unknown command.
You closely miss Ijyb.
Your kobold barely misses Ijyb.
Ijyb zaps a wand.
The bolt of acid hits you!!
You die...

##>.......#.....'.
#........#.....#
#.........##...#
##...##...##...#
###+ #...##...##
#....'....#
#....#.K..#
#....#..g.#
###.####@## #.#
#!# ... #.. ....
#... .... #....
#....# #....#
#....#


You could see Ijyb (ally target) and a friendly kobold (summoned).

Vanquished Creatures
  An orc priest (D:2)
  An iguana (D:3)
  Jessica (D:2)
  Natasha (thrice) (D:2)
  3 adders (D:2)
  A gnoll (D:3)
  5 orcs
  5 endoplasms
  A giant cockroach (D:2)
  10 goblins
  A hobgoblin (D:1)
  2 quokkas
  7 ball pythons
  10 bats
  4 frilled lizards
  8 kobolds
  5 rats
68 creatures vanquished.

Notes
Turn   | Place    | Note
-------+----------+-------------------------------------------
     0 | D:1      | James the Formicid Cinder Acolyte began the quest for the
                  | Orb.
     0 | D:1      | Reached XP level 1. HP: 18/18 MP: 2/2
    71 | D:1      | Reached XP level 2. HP: 13/24 MP: 3/3
   211 | D:1      | Found Gaokyiro's Jewellery Shoppe.
   437 | D:1      | Reached skill level 4 in Polearms
   437 | D:1      | Reached XP level 3. HP: 29/29 MP: 4/4
   802 | D:2      | Found a faded altar of an unknown god.
   973 | D:2      | Noticed Natasha
   987 | D:2      | Killed Natasha
   988 | D:2      | Reached skill level 5 in Polearms
   988 | D:2      | Reached XP level 4. HP: 31/35 MP: 5/5
  1236 | D:2      | Noticed Jessica
  1245 | D:2      | Killed Jessica
  1246 | D:2      | Reached XP level 5. HP: 34/41 MP: 6/6
  1316 | D:2      | Noticed Natasha
  1323 | D:2      | Killed Natasha
  1493 | D:2      | Noticed Natasha
  1502 | D:2      | Killed Natasha
  1932 | D:2      | Found a faded altar of an unknown god.
  2033 | D:2      | Reached skill level 6 in Polearms
  2241 | D:2      | Reached skill level 1 in Armour
  2241 | D:2      | Reached XP level 6. HP: 6/47 MP: 7/7
  2437 | D:3      | Found a transporter.
  2635 | D:3      | Found a shadowy altar of Dithmenos.
  2656 | D:3      | Found a snail-covered altar of Cheibriados.
  2706 | D:3      | Found a transporter.
  2770 | D:3      | Noticed bimbombam's ghost (weakling OpSh)
  3025 | D:4      | Noticed Ijyb
  3040 | D:4      | Killed from afar by Ijyb

Illustrated notes

Levels and vault maps discovered:
D:1:      dpeg_chamrin_arrival_tetris, layout_rooms, serial_shops, shop
D:2:      layout_basic, shapermc_ecumenical_altar_mp_highgroup, uniq_natasha,
          uniq_jessica
D:3:      layout_rooms, mainiacjoe_overflow_large_starburst,
          gammafunk_ghost_mausoleum, minmay_diced_spiral
D:4:      layout_gridville, minmay_temple_entry_drinking_statues,
          nicolae_ossuary_entry_ruins, uniq_eustachio, uniq_ijyb

Skill      XL: |  1  2  3  4  5 |
---------------+----------------+-----
Polearms       | 4 5 6 |  6.2
Armour         | 1 |  1.9
Fighting       | |  3.6
Spellcasting   | |  1.1
Fire Magic     | |  3.0

Action                     |  1- 3 |  4- 6 || total
---------------------------+-------+-------++-------
  Melee: Spear             |   137 |    81 ||   218
         Punch             |     1 |       ||     1
         Trident           |       |    43 ||    43
 Invoke: Fiery Armour      |       |     1 ||     1
    Use: Scroll            |       |     6 ||     6
 Armour: Robe              |    21 |       ||    21
         Chain mail        |    56 |   105 ||   161
  Dodge: Dodged            |    49 |    43 ||    92
